 Dungeon Crawl Stone Soup version 0.27-a0-789-g6bb3289e1e (webtiles) character file.

Game seed: 5674965194288933519

131 rageheart7 the Poker (level 5, -5/50 HPs)
             Began as a Naga Gladiator on Mar 26, 2021.
             Killed from afar by a steam dragon (18 damage)
             ... with a ball of steam
             ... on level 4 of the Dungeon.
             The game lasted 00:02:28 (3745 turns).

rageheart7 the Poker (Naga Gladiator)               Turns: 3745, Time: 00:02:28

Health: -5/50      AC:  4    Str: 17    XL:     5   Next: 14%
Magic:  5/5        EV: 10    Int:  8    God:
Gold:   127        SH:  0    Dex: 13    Spells: 4/4 levels left

rFire    . . .     SeeInvis +   a - +0 trident
rCold    . . .     Faith    .   (no shield)
rNeg     . . .     Spirit   .   b - +0 leather armour
rPois    +         Reflect  .   c - +0 helmet
rElec    .         Harm     .   (no cloak)
rCorr    .         Rampage  .   (no gloves)
Will     .....                  (no barding)
Stlth    +.........             (no amulet)
HPRegen  0.16/turn              (no ring)
MPRegen  0.09/turn              (no ring)

@: attractive, very slow
A: AC +1, large, see invisible, deformed body, poison resistance, slowness 2,
spit poison 1, naga tail 1
a: Spit Poison


You were on level 4 of the Dungeon.
You visited 1 branch of the dungeon, and saw 4 of its levels.

You collected 127 gold pieces.

Inventory:

Hand Weapons
 a - a +0 trident (weapon)
Missiles
 d - 3 throwing nets (quivered)
Armour
 b - a +0 leather armour (worn)
 c - a +0 helmet (worn)
Potions
 h - a potion of haste {unknown}
 i - a potion of magic {unknown}
 l - 2 potions of berserk rage {unknown}
 m - a potion of cancellation {unknown}


   Skills:
 * Level 3.9 Fighting
 * Level 4.5 Polearms
 - Level 1.7 Throwing
 - Level 2.4 Dodging


You had 4 spell levels left.
You didn't know any spells.
Your spell library was empty.

Dungeon Overview and Level Annotations

Branches:
Dungeon (4/15)
 Temple: D:4-7

Altars:
Nemelex Xobeh
Ru


Innate Abilities, Weirdness & Mutations

Your serpentine skin is tough. (AC +1)
You have supernaturally acute eyesight. (SInv)
Armour fits poorly on your strangely shaped body.
Your system is resistant to poisons. (rPois)
You cover ground very slowly.
You can spit poison.
You have a snake-like lower body.


Message History

Your orc dies!
Your orc's corpse dissolves into shadows!
The ball of steam hits you!!
You hear a bark!
Press: ? - help, Shift-Dir - straight line, f - steam dragon
Aim: a steam dragon (catching its breath)
The splash of poison misses the steam dragon.
You are engulfed in a cloud of scalding steam.
You barely miss the steam dragon.
You are engulfed in a cloud of scalding steam.
The steam dragon bites you!
* * * LOW HITPOINT WARNING * * *
The steam dragon barely misses you.
You feel better. The steam dragon closely misses you.
The steam dragon claws you but does no damage.
It was a potion of attraction.
You feel attractive to monsters. The steam dragon breathes steam at you.
The ball of steam hits you!
* * * LOW HITPOINT WARNING * * *
You hit the steam dragon.
The steam dragon is lightly wounded.
You are engulfed in a cloud of scalding steam.
You have got your breath back.
The steam dragon closely misses you.
The steam dragon claws you but does no damage.
You hit the steam dragon but do no damage.
The steam dragon is lightly wounded.
You are engulfed in a cloud of scalding steam.
* * * LOW HITPOINT WARNING * * *
The steam dragon bites you.
* * * LOW HITPOINT WARNING * * *
The steam dragon claws you but does no damage.
You feel better. The steam dragon barely misses you.
The steam dragon claws you.
* * * LOW HITPOINT WARNING * * *
You feel better. The steam dragon breathes steam at you.
The ball of steam hits you!!
You die...

### .w .#
########.#
#...§@Dw.#
#.########
#.J.#o§§o#
###.#o##o#
#.#o##o#
#J#Jn#o#
#.####§#
#..o.o.#
########


You could see a steam dragon (catching breath) and a worm.

Vanquished Creatures
  A scorpion (D:4)
  An adder (D:3)
  A white imp (D:2)
  3 worms
  3 dart slugs
  An orc (D:3)
  3 endoplasms
  3 giant cockroaches
  2 goblins
  4 hobgoblins
  4 jackals
  5 kobolds
  A quokka (D:1)
  5 ball pythons
  3 bats
  2 frilled lizards
  8 rats
50 creatures vanquished.

Notes
Turn   | Place    | Note
-------+----------+-------------------------------------------
     0 | D:1      | rageheart7 the Naga Gladiator began the quest for the Orb.
     0 | D:1      | Reached XP level 1. HP: 19/19 MP: 1/1
   375 | D:1      | Reached XP level 2. HP: 21/27 MP: 2/2
   784 | D:1      | Reached XP level 3. HP: 33/33 MP: 3/3
  1410 | D:2      | Found a sparkling altar of Nemelex Xobeh.
  1700 | D:2      | Found a faded altar of an unknown god.
  2407 | D:3      | Reached skill level 4 in Polearms
  2407 | D:3      | Reached XP level 4. HP: 10/42 MP: 4/4
  2762 | D:3      | Found a sacrificial altar of Ru.
  3496 | D:4      | Reached XP level 5. HP: 19/50 MP: 5/5
  3734 | D:4      | Noticed a steam dragon
  3743 | D:4      | HP: 1/50 [steam dragon (2)]
  3745 | D:4      | Killed from afar by a steam dragon

Illustrated notes

Levels and vault maps discovered:
D:1:      beargit_arrival_greenhouse, layout_loops_cross
D:2:      layout_loops_corners, lemuel_crystal_altar,
          chequers_ecumenical_altar_simple, kennysheep_generic_room_11
D:3:      layout_basic, nicolae_ru_sacrificial_ziggurat
D:4:      minmay_skewed_foursquare, layout_basic,
          nicolae_wu_jian_immortal_techniques, minmay_temple_entry_mini_moons,
          gammafunk_ghost_abyssal_escape

Skill      XL: |  1  2  3 |
---------------+----------+-----
Fighting       | 3 |  3.9
Polearms       | 4 |  4.5
Throwing       | |  1.7
Dodging        | |  2.4

Action                   |  1- 3 |  4- 6 || total
-------------------------+-------+-------++-------
Melee: Trident           |   107 |    43 ||   150
 Abil: Spit Poison       |     2 |     2 ||     4
  Use: Potion            |       |     4 ||     4
       Scroll            |       |     3 ||     3
 Stab: Sleeping          |     2 |       ||     2
Armor: Leather armour    |    19 |     6 ||    25
Dodge: Dodged            |    23 |    27 ||    50

Table legend: (Time is in decaauts)
 A = Elapsed time spent in this place.
 B = Non-inter-level travel time spent in this place.
 C = Inter-level travel time spent in this place.
 D = Time resting spent in this place.
 E = Time spent auto-exploring this place.
 F = Levels seen in this place.
 G = Mean time per level.
                   A        B        C        D        E       F      G
               +--------+--------+--------+--------+--------+-----+--------+
         Total |   4602 |   4418 |    184 |    482 |   3581 |   4 | 1150.5 |
       Dungeon |   4602 |   4418 |    184 |    482 |   3581 |   4 | 1150.5 |
               +--------+--------+--------+--------+--------+-----+--------+

Top non-repeatable levels by time:
     D:2: 1504 daAuts
     D:3: 1436 daAuts
     D:1: 1394 daAuts
     D:4: 267 daAuts
